 Dungeon Crawl Stone Soup version 0.31-a0-174-g85c54bcb58 (webtiles) character file.

Game seed: 1833158070977924525

91 qw the Shooter (level 4, -1/40 HPs)
             Began as a Naga Hunter on June 15, 2023.
             Slain by a gnoll
             ... wielding a +0 club
              (5 damage)
             ... on level 3 of the Dungeon.
             The game lasted 00:00:29 (1846 turns).

qw the Shooter (Naga Hunter)                        Turns: 1846, Time: 00:00:29

Health: -1/40      AC:  2    Str: 14    XL:     4   Next: 57%
Magic:  4/4        EV:  9    Int:  9    God:
Gold:   168        SH:  0    Dex: 16    Spells: 3/3 levels left

rFire   + . .        Y - +0 shortbow
rCold   . . .        (shield currently unavailable)
rNeg    . . .        c - +0 leather armour
rPois   +            (no helmet)
rElec   .            (no cloak)
rCorr   .            (no gloves)
SInv    +            (no barding)
Will    .....        (no amulet)
Stlth   ++           d - ring of protection from fire
HPRegen 0.26/turn    (no ring)
MPRegen 0.09/turn

%: no passive effects
@: short of breath, very slow
A: AC +1, large, see invisible, deformed body, poison resistance, slowness 2,
spit poison 1, naga tail 1
a: Spit Poison


You were on level 3 of the Dungeon.
You visited 1 branch of the dungeon, and saw 3 of its levels.

You collected 168 gold pieces.


Innate Abilities, Weirdness & Mutations

Your serpentine skin is tough. (AC +1)
You have supernaturally acute eyesight. (SInv)
Armour fits poorly on your strangely shaped body.
Your system is resistant to poisons. (rPois)
You cover ground very slowly.
You can spit poison.
You have a snake-like lower body.


   Skills:
 + Level 2.8 Fighting
 - Level 5.0 Ranged Weapons
 - Level 1.5 Dodging
 - Level 1.5 Stealth


You had 3 spell levels left.
You didn't know any spells.
Your spell library was empty.

Inventory:

Hand Weapons
 Y - a +0 shortbow (weapon)
Armour
 c - a +0 leather armour (worn)
Jewellery
 d - a ring of protection from fire (left hand)
Potions
 e - a potion of curing {unknown}
 g - a potion of mutation {unknown}
 h - a potion of heal wounds

Dungeon Overview and Level Annotations

Branches:
Dungeon (3/15)

Altars:

Shops:
D:1 *


Message History

Aiming: Spit Poison (1% risk of failure)
Press: ? - help, Shift-Dir - straight line, f/p - gnoll The splash of poison hits the gnoll but does no damage.
The gnoll is poisoned.
The gnoll is lightly wounded.
A gnoll comes into view. It is wielding a +0 spear.
You shoot an arrow. The arrow closely misses the gnoll.
A gnoll comes into view.
It is wielding a +2 spear of distortion.
You shoot an arrow. The gnoll shouts!
The arrow hits the gnoll.
The gnoll is severely wounded.
The gnoll hits you from afar with a +0 spear.
You shoot an arrow. The arrow barely misses the gnoll. x2
You kill the gnoll!
You shoot an arrow. The arrow barely misses the gnoll.
The arrow hits the gnoll!
The gnoll is heavily wounded.
The gnoll hits you with a +0 club.
You shoot an arrow. The arrow hits the gnoll.
The gnoll is heavily wounded.
You have got your breath back.
The gnoll hits you from afar with a +0 spear.
An endoplasm comes into view.
The gnoll misses you.
1844 ||| INVOKING Spit Poison.
Aiming: Spit Poison (1% risk of failure)
Press: ? - help, Shift-Dir - straight line, f/p - gnoll The splash of poison misses the gnoll.
The splash of poison hits the gnoll.
The gnoll is almost dead.
The gnoll hits you from afar with a +0 spear.
You shoot an arrow. The arrow barely misses the gnoll.
The endoplasm quivers.
The gnoll hits you with a +0 club. The gnoll closely misses you. x2
You shoot an arrow.
The arrow hits the gnoll but does no damage.
The gnoll is moderately wounded.
The gnoll hits you from afar with a +0 spear.
The gnoll hits you from afar with a +2 spear of distortion!
Space warps around you. The gnoll hits you with a +0 club. x2
You die...

#.#. #... ..# ...
#.# . #.#
...########.####
.....g.........###
....Jg.@.##.##......
./.....g.##.##.###..
...#####.##....# ..
#.####..# #.####..#
#.......##
#.##(....#
#..<.....#
####........


You could see 3 gnolls and an endoplasm.

Vanquished Creatures
  Jessica (D:2)
  A gnoll (D:3)
  An adder (D:2)
  2 worms (D:2)
  4 bats
  7 endoplasms
  2 giant cockroaches
  3 hobgoblins
  2 quokkas
  5 ball pythons (D:1)
  2 frilled lizards
  2 goblins (D:2)
  3 kobolds
  4 rats
39 creatures vanquished.

Notes
Turn   | Place    | Note
-------+----------+-------------------------------------------
     0 | D:1      | qw the Naga Hunter began the quest for the Orb.
     0 | D:1      | Reached XP level 1. HP: 19/19 MP: 1/1
     0 | D:1      | 0 ||| qw: Version: 0.2-a-29-g511e9b1
     0 | D:1      | 0 ||| qw: Game counter: 5372
     0 | D:1      | 0 ||| qw: Always use a shield: true
     0 | D:1      | 0 ||| qw: God list: Okawaru
     0 | D:1      | 0 ||| qw: Allow faded altars: false
     0 | D:1      | 0 ||| qw: Do Orc after D:15 true
     0 | D:1      | 0 ||| qw: Do second Lair branch before Depths: true
     0 | D:1      | 0 ||| qw: Lair rune preference: random
     0 | D:1      | 0 ||| qw: Plans: Normal
     0 | D:1      | 0 ||| PLANNING D:1-11
    12 | D:1      | 12 ||| INVOKING Spit Poison.
    26 | D:1      | 26 ||| INVOKING Spit Poison.
    36 | D:1      | 36 ||| INVOKING Spit Poison.
   116 | D:1      | 116 ||| INVOKING Spit Poison.
   150 | D:1      | 150 ||| INVOKING Spit Poison.
   152 | D:1      | Reached skill level 4 in Ranged Weapons
   152 | D:1      | Reached XP level 2. HP: 26/26 MP: 2/2
   305 | D:1      | 305 ||| INVOKING Spit Poison.
   341 | D:1      | Found Birghumiv's General Store.
   351 | D:1      | 351 ||| INVOKING Spit Poison.
   356 | D:1      | 356 ||| SHOPLISTING scroll of enchant armour (97 gold, have
                  | 48).
   523 | D:1      | 523 ||| INVOKING Spit Poison.
   527 | D:1      | 527 ||| INVOKING Spit Poison.
   554 | D:1      | 554 ||| INVOKING Spit Poison.
   746 | D:1      | 746 ||| UPGRADING to ring of protection from fire.
   747 | D:1      | 747 ||| DROPPING scroll of butterflies.
   778 | D:2      | 778 ||| INVOKING Spit Poison.
   810 | D:2      | 810 ||| INVOKING Spit Poison.
   900 | D:2      | 900 ||| INVOKING Spit Poison.
   917 | D:2      | 917 ||| INVOKING Spit Poison.
   920 | D:2      | Reached XP level 3. HP: 30/32 MP: 3/3
   954 | D:2      | 954 ||| INVOKING Spit Poison.
   964 | D:2      | 964 ||| DROPPING +2 sling of flaming.
  1052 | D:2      | 1052 ||| INVOKING Spit Poison.
  1063 | D:2      | Noticed Jessica
  1064 | D:2      | 1064 ||| INVOKING Spit Poison.
  1066 | D:2      | Killed Jessica
  1068 | D:2      | 1068 ||| INVOKING Spit Poison.
  1071 | D:2      | 1071 ||| INVOKING Spit Poison.
  1073 | D:2      | Reached skill level 5 in Ranged Weapons
  1073 | D:2      | Reached XP level 4. HP: 25/39 MP: 4/4
  1262 | D:2      | 1262 ||| INVOKING Spit Poison.
  1420 | D:2      | 1420 ||| INVOKING Spit Poison.
  1645 | D:2      | 1645 ||| INVOKING Spit Poison.
  1648 | D:2      | 1648 ||| INVOKING Spit Poison.
  1652 | D:2      | 1652 ||| INVOKING Spit Poison.
  1796 | D:2      | 1796 ||| READING scroll labelled LUQIP GUHEA.
  1797 | D:2      | 1797 ||| READING scroll labelled VUKHIOW HIELIN.
  1798 | D:2      | 1798 ||| READING scroll labelled ROEHOKHIEF.
  1799 | D:2      | 1799 ||| DRINKING 3 red potions.
  1800 | D:2      | 1800 ||| DRINKING 2 bubbling green potions.
  1801 | D:2      | 1801 ||| DROPPING 2 potions of brilliance.
  1838 | D:3      | 1838 ||| INVOKING Spit Poison.
  1844 | D:3      | 1844 ||| INVOKING Spit Poison.
  1846 | D:3      | HP: 7/40 [gnoll/+2 spear of distortion (4)]
  1846 | D:3      | Slain by a gnoll

Levels and vault maps discovered:
D:1:      saegor_arrival_simple_a, layout_basic, serial_shops, shop,
          serial_rivers, chequers_serial_rivers_small_3,
          chequers_serial_rivers_micro_b, chequers_serial_rivers_room_b,
          chequers_serial_rivers_room_b, chequers_serial_rivers_small_b,
          chequers_serial_rivers_micro_c, nicolae_the_louvre
D:2:      layout_basic, uniq_jessica
D:3:      layout_loops_cross, fedhas_altar_1,
          nicolae_ru_great_annihilating_truth

Skill      XL: |  1  2  3 |
---------------+----------+-----
Ranged Weapons | 4 5 |  5.0
Fighting       | |  2.8
Dodging        | |  1.5
Stealth        | |  1.5

Action                     |  1- 3 |  4- 6 || total
---------------------------+-------+-------++-------
   Fire: Shortbow          |    45 |    31 ||    76
Ability: Spit Poison       |    19 |     7 ||    26
    Use: Scroll            |       |     3 ||     3
         Potion            |       |     2 ||     2
 Armour: Leather armour    |     5 |     1 ||     6
  Dodge: Dodged            |     7 |     4 ||    11

Table legend:
 A = Non-vault XP
 B = Vault XP
 C = Vault XP percentage of total XP
 D = Non-vault monster count
 E = Vault monster count
 F = Vault count percentage of total count
                 A         B        C        D         E       F
            +---------+---------+-------+---------+---------+-------
      Total |      93 |      37 |  28.5 |      38 |       1 |   2.6
            +---------+---------+-------+---------+---------+-------
        D:1 |      24 |       0 |   0.0 |      15 |       0 |   0.0
        D:2 |      52 |      37 |  41.6 |      21 |       1 |   4.5
        D:3 |      17 |       0 |   0.0 |       2 |       0 |   0.0
            +---------+---------+-------+---------+---------+-------
